 Dungeon Sprint DCSS version 0.30-a0-292-g0f741e3f8e (webtiles) character file.

Game seed: 16206413794731383617

1513 Low2 the Cruncher (level 8, 0/93 HPs)
             Began as an Ogre Gladiator on Oct 17, 2022.
             Was a Follower of Kikubaaqudgha.
             Slain by a demonic crawler (9 damage)
             ... in the Dungeon (Sprint I: "Red Sonja").
             The game lasted 00:05:45 (1024 turns).

Low2 the Cruncher (Ogre Gladiator)                  Turns: 1024, Time: 00:05:45

Health: 0/93       AC:  6    Str: 21    XL:     8   Next: 83%
Magic:  4/8        EV: 12    Int:  9    God:    Kikubaaqudgha [*.....]
Gold:   275        SH:  0    Dex: 10    Spells: 7/7 levels left

rFire   . . .      SeeInvis .    a - +0 quarterstaff
rCold   . . .      Faith    .    (shield currently unavailable)
rNeg    . . .      Spirit   .    b - +0 robe
rPois   .          Reflect  .    c - +0 hat
rElec   .          Harm     .    f - +2 cloak
rCorr   .          Rampage  .    (gloves unavailable)
Will    .....      NoTele   +    (boots unavailable)
Stlth   ++........               (no amulet)
HPRegen 0.35/turn                (no ring)
MPRegen 0.11/turn                (no ring)

@: no status effects
A: large, unfitting armour, tough skin 1
a: Renounce Religion, Unearth Wretches


You were in the Dungeon.
You worshipped Kikubaaqudgha.
Kikubaaqudgha was aware of your devotion.
You visited 1 branch You collected 410 gold pieces.
You spent 135 gold pieces at shops.

Inventory:

Hand Weapons
 a - a +0 quarterstaff (weapon)
Armour
 b - a +0 robe (worn)
 c - a +0 hat (worn)
 f - a +2 cloak (worn)
Potions
 i - 2 potions of magic


   Skills:
 + Level 9.8 Fighting
 + Level 12.6 Staves
 + Level 7.2 Throwing
 + Level 9.2 Dodging
 + Level 3.1 Stealth
 + Level 2.6 Unarmed Combat
 + Level 0.6 Necromancy
 + Level 0.1 Evocations


You had 7 spell levels left.
You didn't know any spells.
Your spell library contained the following spells:

 Spells                   Type           Power      Damage    Failure   Level
 Necrotise                Necr           4%         1d4       32%         1
 Sublimation of Blood     Necr           1%         N/A       43%         2
 Vampiric Draining        Necr           1%         2d6       67%         3
 Animate Dead             Necr           1%         N/A       97%         4


Dungeon Overview and Level Annotations

Branches:
Dungeon (1/1)

Altars:
Cheibriados
Dithmenos
Elyvilon
Fedhas
Gozag
Hepliaklqana
Kikubaaqudgha
Makhleb
Nemelex Xobeh
Okawaru
Qazlal
Ru
Sif Muna
Trog
Uskayaw
Vehumet
Wu Jian
Xom
Yredelemnul
Zin
The Shining One
Jiyva
Lugonu

Shops:
D [


Innate Abilities, Weirdness & Mutations

You are too large for most types of armour.
You have tough skin. (AC +1)


Message History

The demonic crawler closely misses you. The demonic crawler hits you.
You hit the demonic crawler.
The demonic crawler is severely wounded.
The demonic crawler closely misses you. The demonic crawler hits you! x2
You hit the demonic crawler but do no damage.
The demonic crawler is severely wounded.
The demonic crawler shrieks in warning!
You hit the demonic crawler but do no damage.
The demonic crawler is severely wounded.
The demonic crawler hits you but does no damage.
The demonic crawler hits you!
* * * LOW HITPOINT WARNING * * *
The demonic crawler misses you.
Okay, then.
You hit the demonic crawler but do no damage.
The demonic crawler is severely wounded.
The demonic crawler shrieks in warning!
You sock the demonic crawler!
The demonic crawler is almost dead.
The demonic crawler shrieks in warning! x2
The demonic crawler hits you but does no damage.
The demonic crawler hits you!
* * * LOW HITPOINT WARNING * * *
The demonic crawler barely misses you.
You hit the demonic crawler but do no damage.
The demonic crawler is almost dead.
The demonic crawler hits you but does no damage.
The demonic crawler hits you.
* * * LOW HITPOINT WARNING * * *
The demonic crawler hits you but does no damage.
You sock the demonic crawler!
You kill the demonic crawler!
Kikubaaqudgha accepts your kill.
You can now bring forth the wretched and dying.
Your Dodging skill increases to level 9!
Your Stealth skill increases to level 3!
You hit the demonic crawler but do no damage.
The demonic crawler hits you!
You die...
Kikubaaqudgha rasps: "You have failed me!
Welcome... death!"

##########################
#<.#..').#.)'..#__#s†9†..#
#..'.)#..'..#.ss..s.†#...##+#
#..#####'#####s#__####...'..#
#..####..#...#@#### #####..+
#..#__####..##.# ##
#..#_____##'#_.+
#⌠⌠#_.∩...'..._#
####_..__##_.#'#
#_____###+#)# ####### ###


You could see 3 demonic crawlers.

Vanquished Creatures
  A demonic crawler (D)
  2 kobold demonologists (D)
  A slime creature (D)
  Sigmund (D)
  A yak (D)
  A floating eye (D)
  An ogre (D)
  A jelly (D)
  Ijyb (D)
10 creatures vanquished.

Vanquished Creatures (others)
  A quokka (D)
  A ball python (D)
  A kobold (D)
3 creatures vanquished.

Grand Total: 13 creatures vanquished

Notes
Turn   | Place    | Note
-------+----------+-------------------------------------------
     0 | D        | Low2 the Ogre Gladiator began the quest for the Orb.
     0 | D        | Reached XP level 1. HP: 22/22 MP: 1/1
     2 | D        | Noticed Ijyb
    14 | D        | Killed Ijyb
    15 | D        | Reached skill level 4 in Staves
    15 | D        | Reached XP level 2. HP: 32/32 MP: 2/2
    15 | D        | Reached XP level 3. HP: 39/39 MP: 3/3
    37 | D        | Noticed an ogre
    44 | D        | Killed an ogre
    45 | D        | Reached skill level 6 in Staves
    45 | D        | Reached skill level 5 in Dodging
    45 | D        | Reached skill level 1 in Unarmed Combat
    45 | D        | Reached XP level 4. HP: 49/49 MP: 4/4
    57 | D        | Noticed Sigmund
    71 | D        | Killed Sigmund
    72 | D        | Reached skill level 8 in Staves
    72 | D        | Reached skill level 1 in Stealth
    72 | D        | Reached XP level 5. HP: 21/59 MP: 5/5
    72 | D        | Reached XP level 6. HP: 23/67 MP: 6/6
   225 | D        | Found an ornate altar of the Wu Jian Council.
   225 | D        | Found a shimmering blue altar of Sif Muna.
   228 | D        | Reached skill level 5 in Throwing
   228 | D        | Found a radiant altar of Vehumet.
   235 | D        | Found a burning altar of Makhleb.
   235 | D        | Found a viscous altar of Jiyva.
   235 | D        | Found a shimmering altar of Xom.
   235 | D        | Found a corrupted altar of Lugonu.
   235 | D        | Noticed a slime creature
   250 | D        | HP: 3/100 [slime creature (4)]
   254 | D        | Killed a slime creature
   255 | D        | Reached skill level 9 in Staves
   255 | D        | Reached XP level 7. HP: 5/78 MP: 7/7
   601 | D        | Found Ceileigi's Antique Armour Emporium.
   601 | D        | Found an ancient bone altar of Kikubaaqudgha.
   601 | D        | Found a hazy altar of Hepliaklqana.
   601 | D        | Found a stormy altar of Qazlal.
   601 | D        | Found a hide-covered altar of Uskayaw.
   601 | D        | Found a blossoming altar of Fedhas.
   601 | D        | Found a bloodstained altar of Trog.
   601 | D        | Found an iron altar of Okawaru.
   601 | D        | Found a basalt altar of Yredelemnul.
   601 | D        | Found a glowing golden altar of the Shining One.
   601 | D        | Found a snail-covered altar of Cheibriados.
   601 | D        | Found a sacrificial altar of Ru.
   601 | D        | Found a glowing silver altar of Zin.
   601 | D        | Found a shadowy altar of Dithmenos.
   601 | D        | Found a white marble altar of Elyvilon.
   601 | D        | Noticed a yak
   602 | D        | Found an opulent altar of Gozag.
   613 | D        | Killed a yak
   614 | D        | Reached skill level 10 in Staves
   817 | D        | Found a sparkling altar of Nemelex Xobeh.
   843 | D        | Became a worshipper of Kikubaaqudgha
   895 | D        | Bought a glowing cloak for 135 gold pieces
   920 | D        | Noticed a kobold demonologist
   920 | D        | Noticed a kobold demonologist
   921 | D        | Paralysed by a floating eye for 2 turns
   930 | D        | Noticed a chaos spawn
   942 | D        | Noticed a ynoxinul
   958 | D        | Noticed a hellwing
   966 | D        | Noticed a red devil
   967 | D        | Killed a kobold demonologist
   968 | D        | Reached skill level 11 in Staves
   968 | D        | Reached XP level 8. HP: 83/89 MP: 8/8
   981 | D        | Killed a kobold demonologist
   981 | D        | Reached * piety under Kikubaaqudgha
   981 | D        | Received a gift from Kikubaaqudgha
   982 | D        | Reached skill level 12 in Staves
   998 | D        | Noticed a demonic crawler
   998 | D        | Noticed a demonic crawler
   998 | D        | Noticed a demonic crawler
   998 | D        | Noticed a demonic crawler
  1011 | D        | Noticed a gargoyle
  1023 | D        | Killed a demonic crawler
  1024 | D        | Slain by a demonic crawler

Illustrated notes

Levels and vault maps discovered:
D:        dungeon_sprint_1 [red_sonja_temple_1, red_sonja_temple_small_1]

Skill      XL: |  1  2  3  4  5  6  7  8 |
---------------+-------------------------+-----
Fighting       | 3 4 6 7 8 9 |  9.8
Staves         | 4 6 8 9 11 12 | 12.6
Dodging        | 4 5 6 7 8 9 |  9.2
Throwing       | 3 4 5 6 7 |  7.2
Unarmed Combat | 1 2 |  2.6
Stealth        | 1 2 3 |  3.1
Necromancy     | |  0.6
Evocations     | |  0.1

Action                   |  1- 3 |  4- 6 |  7- 9 || total
-------------------------+-------+-------+-------++-------
Melee: Unarmed           |     6 |       |       ||     6
       Quarterstaff      |     6 |    23 |    59 ||    88
Throw: Throwing net      |     2 |     1 |       ||     3
       Large rock        |       |     2 |     2 ||     4
       Stone             |       |     2 |     4 ||     6
Invok: Unearth Wretches  |       |       |     2 ||     2
Evoke: Wand              |       |       |     1 ||     1
  Use: Potion            |       |     3 |     1 ||     4
       Scroll            |       |       |     1 ||     1
 Stab: Confused          |     1 |       |       ||     1
       Held in net/web   |       |     1 |       ||     1
       Sleeping          |       |       |     1 ||     1
Armor: Robe              |       |     2 |    19 ||    21
Dodge: Dodged            |     4 |     3 |    28 ||    35

Table legend: (Time is in decaauts)
 A = Elapsed time spent in this place.
 B = Non-inter-level travel time spent in this place.
 C = Inter-level travel time spent in this place.
 D = Time resting spent in this place.
 E = Time spent auto-exploring this place.
 F = Levels seen in this place.
 G = Mean time per level.
                   A        B        C        D        E       F      G
               +--------+--------+--------+--------+--------+-----+--------+
         Total |    995 |    995 |      0 |    676 |      0 |   1 |  995.0 |
       Dungeon |    995 |    995 |      0 |    676 |      0 |   1 |  995.0 |
               +--------+--------+--------+--------+--------+-----+--------+

Top non-repeatable levels by time:
       D: 995 daAuts
